 Dungeon Crawl Stone Soup version 0.21.1-1-g345015f (webtiles) character file.

1008 Kairos the Chopper (level 8, -7/61 HPs)
             Began as a Human Fighter on Apr 1, 2018.
             Was an Initiate of Okawaru.
             Mangled by Duvessa
             ... wielding a +0 rapier
              (13 damage)
             ... on level 5 of the Dungeon.
             The game lasted 00:11:55 (6627 turns).

Kairos the Chopper (Human Fighter)                  Turns: 6627, Time: 00:11:55

Health: -7/61      AC:  7    Str: 16    XL:     8   Next: 44%
Magic:  8/8        EV:  8    Int:  9    God:    Okawaru [......]
Gold:   182        SH: 10    Dex: 15    Spells: 7/7 levels left

rFire    . . .     SeeInvis .   a - +3 war axe
rCold    . . .     Gourm    .   c - +0 shield
rNeg     . . .     Faith    .   b - +0 scale mail
rPois    .         Spirit   .   (no helmet)
rElec    .         Reflect  .   (no cloak)
rCorr    .         Harm     .   (no gloves)
MR       .....                  (no boots)
Stlth    ..........             (no amulet)
HPRegen  0.20/turn              (no ring)
MPRegen  0.11/turn              (no ring)

@: no status effects
A: no striking features
a: Renounce Religion


You were on level 5 of the Dungeon.
You worshipped Okawaru.
Okawaru was noncommittal.
You were very hungry.

You visited 2 branches of the dungeon, and saw 6 of its levels.
You also visited: Ossuary.

You collected 182 gold pieces.

Inventory:

Hand Weapons
 a - a +3 war axe (weapon)
Missiles
 r - 13 tomahawks (quivered)
Armour
 b - a +0 scale mail (worn)
 c - a +0 shield (worn)
Wands
 n - a wand of polymorph (5)
Scrolls
 e - 2 scrolls of magic mapping
 g - a scroll of identify
 h - 5 scrolls of teleportation
 k - 2 scrolls of fear
 l - 3 scrolls of enchant armour
 u - a scroll of remove curse {unknown}
 w - 3 scrolls of fog {unknown}
Potions
 d - a potion of might
 i - 3 potions of flight
 j - 2 potions of heal wounds
 m - a potion of ambrosia
 o - 2 potions of haste
 p - a potion of degeneration {unknown}
 q - a potion of berserk rage
 s - 2 potions of agility {unknown}
 t - a potion of curing {unknown}
 v - a potion of brilliance {unknown}
 x - a potion of lignification
 z - 2 potions of invisibility
Comestibles
 f - 10 rations


   Skills:
 + Level 4.3 Fighting
 + Level 6.2 Axes
 + Level 5.2 Armour
 + Level 1.6 Dodging
 + Level 0.9 Stealth
 + Level 5.0 Shields


You had 7 spell levels left.
You didn't know any spells.

Dungeon Overview and Level Annotations

Branches:
Dungeon (5/15)             Temple (1/1) D:4

Altars:
Dithmenos
Fedhas
Okawaru
Sif Muna
Wu Jian

Annotations:
D:5 Duvessa


Message History

You slash Duvessa!
Duvessa is severely wounded.
Duvessa hits you but does no damage.
You hit Duvessa but do no damage.
Duvessa is severely wounded.
You are feeling very hungry.
You block Duvessa's attack. Duvessa hits you with a rapier.
* * * LOW HITPOINT WARNING * * *
You hit Duvessa.
Duvessa is severely wounded.
Duvessa hits you with a rapier.
* * * LOW HITPOINT WARNING * * *
You block Duvessa's attack.
You hit Duvessa but do no damage.
Duvessa is severely wounded.
Duvessa closely misses you.
You hit Duvessa but do no damage.
Duvessa is severely wounded.
Duvessa hits you with a rapier!
You die...

# ## .##. ### #...###
#####.# #...###.....##
#.......[#...##
##............##
#.............###
##...........#...###
#..@.........##....#
#..e........#####...
#....).......# ##..
....!..........## ##.
...............# ##
...#............##### ##
.?.#................###.
.. #....................
.....###.............


You could see Duvessa (berserk).

Vanquished Creatures
  Sigmund (D:5)
  A wraith (Ossuary)
  The ghost of keltmir the Chopper, a weakling HOFi of Qazlal (D:3)
  Dowan (D:5)
  A water moccasin skeleton (D:5)
  2 hounds
  An orc priest (D:4)
  3 orc wizards (D:4)
  An iguana (D:5)
  Natasha (thrice) (D:3)
  3 worker ants (D:4)
  3 mummies (Ossuary)
  2 gnolls (D:1)
  7 adders
  2 oozes
  2 dart slugs
  3 leopard geckos
  16 orcs
  2 ball pythons
  2 giant cockroaches
  7 goblins
  4 hobgoblins
  2 jackals (D:3)
  6 kobolds
  2 quokkas
  7 bats
  6 frilled lizards
  3 goblin zombies (Ossuary)
  4 hobgoblin zombies (Ossuary)
  3 kobold zombies (Ossuary)
  8 rats
109 creatures vanquished.

Notes
Turn   | Place    | Note
-------+----------+-------------------------------------------
     0 | D:1      | Kairos the Human Fighter began the quest for the Orb.
     0 | D:1      | Reached XP level 1. HP: 18/18 MP: 1/1
   122 | D:1      | Reached XP level 2. HP: 23/24 MP: 2/2
   126 | D:1      | Reached XP level 3. HP: 28/29 MP: 3/3
   860 | D:2      | Reached XP level 4. HP: 35/35 MP: 4/4
  1032 | D:2      | Found an ornate altar of the Wu Jian Council.
  1354 | D:3      | Reached skill level 3 in Axes
  1354 | D:3      | Reached XP level 5. HP: 27/41 MP: 5/5
  1695 | D:3      | Noticed keltmir's ghost (weakling HOFi)
  2188 | D:3      | Killed keltmir's ghost
  2333 | D:3      | Noticed Natasha
  2340 | D:3      | Killed Natasha
  2340 | D:3      | Reached XP level 6. HP: 32/47 MP: 6/6
  2384 | D:3      | Noticed Natasha
  2396 | D:3      | Killed Natasha
  2518 | D:3      | Noticed Natasha
  2548 | D:3      | Killed Natasha
  3202 | D:4      | Reached skill level 4 in Axes
  3202 | D:4      | Reached skill level 1 in Dodging
  3230 | D:4      | Found a staircase to the Ecumenical Temple.
  3376 | Temple   | Entered the Ecumenical Temple
  3392 | Temple   | Became a worshipper of Warmaster Okawaru
  3429 | D:4      | Reached XP level 7. HP: 24/53 MP: 7/7
  3444 | D:4      | Found a sand-covered staircase.
  3511 | Ossuary  | Entered an ossuary
  3511 | Ossuary  | Noticed a wraith
  3511 | Ossuary  | Noticed a wraith
  3511 | Ossuary  | Noticed a wraith
  3927 | Ossuary  | Noticed a wraith
  3941 | Ossuary  | Killed a wraith
  3941 | Ossuary  | Reached skill level 5 in Axes
  5165 | D:5      | Entered Level 5 of the Dungeon
  5287 | D:5      | Noticed Sigmund
  5864 | D:5      | Reached XP level 8. HP: 55/60 MP: 8/8
  5881 | D:5      | Killed Sigmund
  5881 | D:5      | Reached skill level 5 in Armour
  5905 | D:5      | HP: 3/60 [poisoned by Sigmund]
  5910 | D:5      | HP: 2/60 [poisoned by Sigmund]
  5917 | D:5      | HP: 2/60 [poisoned by Sigmund]
  5925 | D:5      | HP: 1/60 [poisoned by Sigmund]
  6339 | D:5      | Reached skill level 6 in Axes
  6545 | D:5      | Reached skill level 5 in Shields
  6566 | D:5      | Found a blossoming altar of Fedhas.
  6600 | D:5      | Noticed Dowan
  6601 | D:5      | Noticed Duvessa
  6616 | D:5      | Killed Dowan
  6627 | D:5      | Mangled by Duvessa

Skill      XL: |  1  2  3  4  5  6  7  8 |
---------------+-------------------------+-----
Axes           | 3 4 5 6 |  6.2
Armour         | 4 5 |  5.2
Shields        | 4 5 |  5.0
Dodging        | 1 |  1.6
Fighting       | 4 |  4.3
Stealth        | |  0.9

Action                   |  1- 3 |  4- 6 |  7- 9 || total
-------------------------+-------+-------+-------++-------
Melee: War axe           |    71 |   208 |   154 ||   433
  Use: Potion            |       |     3 |     2 ||     5
       Scroll            |       |     4 |     9 ||    13
 Stab: Invisible         |       |     2 |       ||     2
  Eat: Chunk             |       |     8 |     3 ||    11
       Ration            |       |       |     2 ||     2
Armor: Scale mail        |    36 |    99 |    68 ||   203
       Skin              |       |     4 |       ||     4
Dodge: Dodged            |    22 |    79 |    46 ||   147
Block: Shield            |    30 |   134 |    71 ||   235
